 Dungeon Crawl Stone Soup version 0.27.1-15-g792fb953b9 (webtiles) character file.

Game seed: 10297299513698354513

48 croobank the Covert (level 3, -2/17 HPs)
             Began as a Felid Delver on Nov 19, 2021.
             Slain by a quokka (3 damage)
             ... on level 2 of the Dungeon.
             The game lasted 00:20:31 (2564 turns).

croobank the Covert (Felid Delver)                  Turns: 2564, Time: 00:20:32

Health: -2/17      AC:  1    Str:  9    XL:     3   Next: 50%
Magic:  4/4        EV: 18    Int: 11    God:
Gold:   98         SH:  0    Dex: 17    Spells: 2/2 levels left
                                        Lives:  0   Deaths: 1

rFire    . . .     SeeInvis +     - Unarmed
rCold    . . .     Faith    .   (shield unavailable)
rNeg     . . .     Spirit   .   (armour unavailable)
rPois    .         Reflect  .   (helmet unavailable)
rElec    .         Harm     .   (cloak unavailable)
rCorr    .         Rampage  .   (gloves unavailable)
Will     .....                  (boots unavailable)
Stlth    ++++......             (no amulet)
HPRegen  0.05/turn              (no ring)
MPRegen  0.09/turn              (no ring)

@: quick
A: very small, claws 1, fangs 3, see invisible, speed 1, shaggy fur 1, stealthy
paws, no weapons or thrown items, no armour, multi-lived
a: no special abilities


You were on level 2 of the Dungeon.
You visited 1 branch of the dungeon, and saw 5 of its levels.

You collected 98 gold pieces.

Inventory:

Missiles
 c - 93 stones
Wands
 e - a wand of digging (3)
Scrolls
 a - a scroll of fog
 b - a scroll of magic mapping
 g - a scroll of enchant armour
 i - 2 scrolls of noise


   Skills:
 + Level 3.2 Fighting
 + Level 3.0 Dodging
 + Level 8.3 Stealth
 + Level 2.8 Unarmed Combat


You had 2 spell levels left.
You didn't know any spells.
Your spell library was empty.

Dungeon Overview and Level Annotations

Branches:
Dungeon (5/15)
 Temple: D:4-7

Altars:
Zin

Annotations:
D:2 Jessica


Innate Abilities, Weirdness & Mutations

You have sharp claws.
You have razor-sharp teeth.
You have supernaturally acute eyesight. (SInv)
You cover ground quickly. (Speed+)
You are covered in fur. (AC +1)
Your paws help you pounce on unaware monsters.
You are incapable of wielding weapons or throwing items.
You cannot wear armour.
You gain extra lives every three experience levels.


Message History

Jessica mumbles some strange words.
Jessica blinks!
You scratch Jessica.
Jessica is heavily wounded.
Jessica closely misses you. Jessica casts a spell at you.
Pain shoots through your body!
You closely miss Jessica. Your bite misses Jessica.
Jessica is heavily wounded.
Jessica gestures at you while chanting. You resist with some effort.
You scratch Jessica but do no damage.
Jessica is heavily wounded.
Jessica barely misses you. Jessica hits you with a +0 club.
You scratch Jessica. You bite Jessica.
Jessica is almost dead.
The frilled lizard bites you.
* * * LOW HITPOINT WARNING * * *
Jessica points at you and mumbles some strange words.
You barely resist. You barely miss Jessica.
Jessica is almost dead.
Jessica casts a spell.
Jessica blinks!
The frilled lizard misses you.
You aren't carrying any potions.
Sorry, you're not good enough to have a special ability.
You are not religious.
A quokka comes into view.
The quokka barely misses you.
You barely miss the quokka. The quokka closely misses you.
You closely miss the quokka. The quokka bites you.
* * * LOW HITPOINT WARNING * * *
You barely miss the quokka. The quokka barely misses you.
You miss the quokka. You bite the quokka, but do no damage.
The quokka closely misses you. The frilled lizard bites you.
* * * LOW HITPOINT WARNING * * *
The quokka barely misses you.
You barely miss the quokka. The frilled lizard barely misses you.
The quokka bites you.
You die...

........# #....#.#
#.......## ...._...
#....#.# #...##..##
#......# #....#.#
#...#.....
l......######....#.#
#.......#.
.r....#)...........#
##..#.#.#. ....)...#
#.. ...### #......g.
.l....#.# #.####.######
###..#.#.
.....##.###......l....#
#..#.#.
#....lr..rl..###@####.#
#......
##.#..#.##..####r#
#.#####.#####
#.......†.......#
#.l.lg..#####
###..####.####.##
######..†.... #.......#
#.# #.###### #####.###
#.# #.# #.# ###.### #.#
#.# #.....# #.# #.#
#.....# #.#


You could see a quokka and a frilled lizard.

Vanquished Creatures
  An iguana (D:4)
  2 adders
  An adder skeleton (D:4)
  A worm (D:2)
  4 endoplasms
  4 giant cockroaches
  3 goblins
  3 hobgoblins (D:1)
  2 jackals (D:1)
  2 quokkas (D:1)
  4 ball pythons
  5 bats (D:1)
  A frilled lizard (D:1)
  4 kobolds
  6 rats
43 creatures vanquished.

Notes
Turn   | Place    | Note
-------+----------+-------------------------------------------
     0 | D:5      | croobank the Felid Delver began the quest for the Orb.
     0 | D:5      | Reached XP level 1. HP: 10/10 MP: 2/2
    54 | D:4      | Noticed an iguana
    57 | D:4      | Killed an iguana
    58 | D:4      | Reached skill level 7 in Stealth
    58 | D:4      | Reached XP level 2. HP: 14/14 MP: 3/3
    62 | D:4      | Reached XP level 3. HP: 11/17 MP: 4/4
   876 | D:1      | Reached skill level 8 in Stealth
  1739 | D:1      | Reached XP level 4. HP: 8/21 MP: 5/5
  2270 | D:2      | HP: 1/21 [poisoned by an adder]
  2270 | D:2      | Slain by an adder
  2271 | D:2      | Reached XP level 3. HP: -3/17 MP: 4/4
  2278 | D:2      | Noticed an eye of devastation
  2281 | D:2      | Found a faded altar of an unknown god.
  2281 | D:2      | Noticed Jessica
  2283 | D:2      | Noticed an eye of devastation
  2284 | D:2      | Noticed a floating eye
  2284 | D:2      | Noticed a golden eye
  2464 | D:2      | Found a glowing silver altar of Zin.
  2564 | D:2      | Slain by a quokka

Illustrated notes

Levels and vault maps discovered:
D:1:      dpeg_arrival_water_temple_mockup, layout_loops_ring
D:2:      layout_loops_cross, basic_altar,
          hellmonk_ecumenical_altar_watching_god, minmay_tromino_v4_c,
          uniq_robin, uniq_jessica
D:3:      cheibrodos_old_hovel, layout_rooms, nicolae_hepliaklqana_hazy_memory
D:4:      layout_loops_cross, nicolae_ossuary_entry_ruins, serial_shops,
          shop_fountains
D:5:      layout_basic, jmf_multi_god_temple2, minmay_temple_entry_glassed_door,
          minivault_5, uniq_menkaure, uniq_eustachio, uniq_sigmund

Skill      XL: |  1  2  3  4 |
---------------+-------------+-----
Stealth        | 7 8 |  8.3
Dodging        | 3 |  3.0
Fighting       | |  3.2
Unarmed Combat | |  2.8

Action                   |  1- 3 |  4- 6 || total
-------------------------+-------+-------++-------
Melee: Unarmed           |   105 |    25 ||   130
       Bite              |    13 |       ||    13
  Use: Scroll            |     4 |       ||     4
       Potion            |     2 |     2 ||     4
 Stab: Sleeping          |    12 |     3 ||    15
       Distracted        |     1 |       ||     1
Armor: Skin              |     9 |     1 ||    10
Dodge: Dodged            |    56 |    18 ||    74
